 Seeded DCSS version 0.28-a0-861-ge64d6db94f (webtiles) character file.

Game seed: 7318295585953179233 (custom seed)

13358 flotson the Fighter (level 11, -13/87 HPs)
             Began as a Demonspawn Delver on Nov 16, 2021.
             Was an Initiate of Gozag.
             Mangled by a komodo dragon (19 damage)
             ... on level 1 of the Lair of Beasts.
             The game lasted 00:29:49 (15814 turns).

flotson the Fighter (Demonspawn Delver)            Turns: 15814, Time: 00:29:49

Health: -13/87     AC: 13    Str: 15    XL:     11   Next: 74%
Magic:  11/11      EV: 13    Int: 11    God:    Gozag
Gold:   1132       SH:  0    Dex: 16    Spells: 10/10 levels left

rFire   + . .      SeeInvis .   a - +7 short sword of Ehomn {spect, *Noise rPois rC+ rCorr}
rCold   + . .      Faith    .   (no shield)
rNeg    . . .      Spirit   .   D - +3 scale mail {rF+}
rPois   +          Reflect  .   (helmet restricted)
rElec   .          Harm     .   q - +0 cloak
rCorr   +          Rampage  .   p - +0 pair of gloves
Will    .....                   (no boots)
Stlth   +.........              (no amulet)
HPRegen 0.24/turn               u - ring of poison resistance
MPRegen 0.12/turn               (no ring)

@: gold aura
A: antennae 2, hooves 1, powered by death 2, powered by pain 1, weakness stinger
1
a: Renounce Religion, Potion Petition, Call Merchant, Bribe Branch


You were on level 1 of the Lair of Beasts.
You worshipped Gozag.
Gozag was most pleased with you.
You visited 3 branches of the dungeon, and saw 12 of its levels.
You also visited: Ossuary.

You collected 2427 gold pieces.
You spent 1229 gold pieces at shops.
You paid 66 gold pieces to Gozag.

Inventory:

Hand Weapons
 a - the +7 short sword of Ehomn (weapon) {spect, *Noise rPois rC+ rCorr}
   (You took it off an orc on level 9 of the Dungeon)

   When its wielder attacks, the weapon's spirit leaps out and strikes again.
   The spirit shares a part of any damage it takes with its wielder.
   rC:        It protects you from cold.
   rPois:     It protects you from poison.
   *Noise:    It may make noises in combat.
   rCorr:     It protects you from acid and corrosion.
 b - the +12 hand crossbow "Hydrabane" {vorpal, rCorr}
   (You bought it in a shop on level 3 of the Dungeon)

   Any ammunition fired from it inflicts extra damage upon your enemies.
   rCorr:     It protects you from acid and corrosion.
Missiles
 o - 35 poisoned darts
 r - 10 curare-tipped darts (quivered)
 v - 2 silver boomerangs
 w - 6 datura-tipped darts
 z - 5 boomerangs of dispersal
 F - 4 atropa-tipped darts
 G - 4 boomerangs
 O - 126 bolts
Armour
 f - a +0 chain mail of cold resistance
 p - a +0 pair of gloves (worn)
 q - a +0 cloak (worn)
 D - a +3 scale mail of fire resistance (worn)
Jewellery
 u - a ring of poison resistance (left hand)
Wands
 g - a wand of digging (2)
 B - a wand of mindburst (16)
 E - a wand of flame (17)
 N - a wand of iceblast (10)
Scrolls
 c - 3 scrolls of fog
 d - 2 scrolls of magic mapping
 e - 3 scrolls of fear
 h - 4 scrolls of vulnerability {unknown}
 i - 6 scrolls of identify {unknown}
 k - 2 scrolls of blinking {unknown}
 l - a scroll of enchant weapon {unknown}
 n - a scroll of immolation {unknown}
 t - a scroll of silence {unknown}
 x - a scroll of torment {unknown}
 y - 2 scrolls of enchant armour {unknown}
 H - 2 scrolls of teleportation {unknown}
Potions
 m - 4 potions of heal wounds {unknown}
 s - 3 potions of magic {unknown}
 A - 2 potions of lignification {unknown}
 C - a potion of mutation {unknown}
 I - a potion of brilliance {unknown}
 J - 4 potions of curing {unknown}
 K - 3 potions of flight {unknown}
 L - a potion of berserk rage {unknown}
 M - a potion of degeneration {unknown}
 P - 4 potions of might {unknown}
Miscellaneous
 j - a phantom mirror


   Skills:
 + Level 8.5 Fighting
 - Level 1.7(4.8) Short Blades
 + Level 7.1(7.2) Long Blades
 + Level 4.3 Crossbows
 - Level 5.2 Throwing
 + Level 7.1 Armour
 + Level 7.4 Dodging
 - Level 4.5 Stealth
 + Level 7.6 Evocations


You had 10 spell levels left.
You didn't know any spells.
Your spell library contained the following spells:

 Spells                   Type           Power      Damage    Failure   Level
 Apportation              Tloc           0%         N/A       75%         1
 Slow                     Hex            0%         N/A       75%         1
 Confusing Touch          Hex            0%         N/A       98%         3
 Dazzling Flash           Conj/Hex       0%         N/A       98%         3
 Inner Flame              Hex/Fire       0%         N/A       98%         3
 Vampiric Draining        Necr           0%         2d6       98%         3
 Cause Fear               Hex            0%         N/A       100%        4
 Agony                    Necr           0%         N/A       100%        5
 Alistair's Intoxication  Tmut/Pois      0%         N/A       100%        5
 Silence                  Hex/Air        0%         N/A       100%        5
 Discord                  Hex            0%         N/A       100%        8


Dungeon Overview and Level Annotations

Branches:
Dungeon (10/15)            Temple (1/1) D:4            Lair (1/6) D:8
    Orc (0/2) D:9         Ossuary (visited)

Altars:
Dithmenos
Fedhas
Gozag
Uskayaw
Vehumet
Wu Jian
The Shining One

Shops:
D:2 (   D:3 (![(

Annotations:
D:6 1 runed translucent door


Innate Abilities, Weirdness & Mutations

You have a pair of antennae on your head.
You have large cloven feet.
You regenerate health from kills.
You sometimes gain a little power by taking damage.
You have a small tail.


Message History

a - the +7 short sword of Ehomn (weapon)
{spect, *Noise rPois rC+ rCorr} You hit the komodo dragon but do no damage.
You kick the komodo dragon.
The komodo dragon is lightly wounded.
The komodo dragon is distracted by your dazzling golden aura.
The komodo dragon hisses angrily.
You hit the komodo dragon but do no damage.
The komodo dragon is no longer distracted by gold.
The komodo dragon is lightly wounded.
The komodo dragon bites you but does no damage.
You hit the komodo dragon. You kick the komodo dragon.
You tail-slap the komodo dragon.
The komodo dragon is lightly wounded.
The komodo dragon is distracted by your dazzling golden aura.
You catch the helpless komodo dragon completely off-guard!
You puncture the komodo dragon!
The komodo dragon is no longer distracted by gold.
You kick the komodo dragon. You tail-slap the komodo dragon.
The komodo dragon is heavily wounded.
The komodo dragon bites you.
You hit the komodo dragon but do no damage.
You kick the komodo dragon.
The komodo dragon is heavily wounded.
The komodo dragon misses you.
You puncture the komodo dragon! Your kick misses the komodo dragon.
The komodo dragon is severely wounded.
The komodo dragon bites you!!
* * * LOW HITPOINT WARNING * * *
You hit the komodo dragon. You tail-slap the komodo dragon.
The komodo dragon is almost dead.
The komodo dragon bites you but does no damage.
You hit the komodo dragon. Your kick misses the komodo dragon.
The komodo dragon is almost dead.
The komodo dragon bites you!
* * * LOW HITPOINT WARNING * * *
You hit the komodo dragon but do no damage.
The komodo dragon is almost dead.
The komodo dragon bites you!!
You die...
Your body crumbles into a pile of gold.

. ..### ..P####
....# # #..##.#
## #.###l(..# #.#
##
#...@###.|......#
##. #.#...# .##
...##.. ###.####
#..#.# #....#
#.... ##...#
###.# #...##
##... ##P..#
##...# ##>###
###P...# ###...#
#.#..#..


You could see a komodo dragon.

Vanquished Creatures
  A hydra (Lair:1)
  A two-headed ogre (D:10)
  The ghost of mathmaestro the Ruffian, a novice TrMo (D:6)
  A black mamba (Lair:1)
  A cane toad (Lair:1)
  A komodo dragon (D:8)
  2 trolls
  A polar bear (Lair:1)
  Grinder (D:4)
  The ghost of siradein the Gusty, an amateur DsAE of Hepliaklqana (D:5)
  5 blink frogs (Lair:1)
  A human (D:9)
  A wraith (D:10)
  A wyvern (D:8)
  19 yaks
  2 wargs (D:9)
  An acid dragon (D:10)
  2 water moccasins
  An orc warrior (D:7)
  4 ice beasts
  A black bear (D:8)
  An ogre (D:5)
  A centaur (D:9)
  5 wolves
  A phantom (D:5)
  3 kobold brigands
  4 scorpions
  7 bullfrogs
  A water moccasin zombie (D:5)
  A wyvern skeleton (D:7)
  Dowan (D:5)
  2 water moccasin skeletons
  7 killer bees
  12 wights
  9 electric eels
  A bullfrog zombie (D:6)
  3 centaur zombies
  7 hounds
  2 jellies
  2 orc priests
  2 bullfrog skeletons (D:5)
  A gnoll shaman (D:7)
  2 iguanas
  13 orc wizards
  A killer bee zombie (D:8)
  A centaur simulacrum (D:10)
  A hound zombie (D:5)
  8 mummies (Ossuary)
  A howler monkey zombie (D:8)
  A howler monkey skeleton (D:6)
  6 adders
  3 gnolls (D:7)
  2 white imps
  3 ufetubi
  An adder skeleton (D:4)
  2 worms
  A dart slug (D:1)
  35 orcs
  6 bats
  3 endoplasms
  4 giant cockroaches
  2 gnoll zombies (Ossuary)
  5 goblins
  5 hobgoblins
  A quokka (D:1)
  13 ball pythons
  4 frilled lizards
  A hobgoblin zombie (Ossuary)
  16 kobolds
  2 kobold zombies (Ossuary)
  3 orc zombies (Ossuary)
  5 rats
273 creatures vanquished.

Vanquished Creatures (collateral kills)
  Duvessa (D:5)
  An orc (D:5)
2 creatures vanquished.

Vanquished Creatures (others)
  A white imp (D:10)
  A fungus (Lair:1)
  A plant (Lair:1)
3 creatures vanquished.

Grand Total: 278 creatures vanquished

Notes
Turn   | Place    | Note
-------+----------+-------------------------------------------
     0 | D:5      | flotson the Demonspawn Delver began the quest for the Orb.
     0 | D:5      | Reached XP level 1. HP: 18/18 MP: 1/1
    37 | D:5      | Found a runed translucent gate.
    37 | D:5      | Found a runed translucent gate.
    38 | D:5      | Found a runed translucent gate.
    41 | D:5      | Noticed siradein's ghost (amateur DsAE)
    41 | D:5      | Noticed a water moccasin zombie
    61 | D:5      | Noticed a phantom
    86 | D:5      | Gained mutation: You regenerate a little health from kills.
                  | [demonic ancestry]
    86 | D:5      | Reached XP level 2. HP: 12/24 MP: 2/2
   238 | D:5      | Noticed an ogre
   733 | D:2      | Reached skill level 1 in Long Blades
   762 | D:2      | Found Zuidd's Antique Weapon Boutique.
   771 | D:1      | Reached skill level 1 in Armour
   786 | D:1      | Discovered your monstrous ancestry.
   786 | D:1      | Gained mutation: You have large cloven feet. [demonic
                  | ancestry]
   786 | D:1      | Reached XP level 3. HP: 29/29 MP: 3/3
  1729 | D:3      | Found Ihis's Distillery.
  1734 | D:3      | Reached XP level 4. HP: 33/35 MP: 4/4
  1861 | D:3      | Found Umeotwyq's Weapon Emporium.
  1958 | D:3      | Found Zaneopp's Armour Boutique.
  2086 | D:3      | Found Ohesa's Weapon Emporium.
  2091 | D:3      | Bought 6 curare-tipped darts for 36 gold pieces
  2379 | D:4      | Noticed Grinder
  2394 | D:4      | Paralysed by Grinder for 3 turns
  2404 | D:4      | Killed Grinder
  2405 | D:4      | Reached skill level 1 in Throwing
  2405 | D:4      | Reached skill level 1 in Evocations
  2405 | D:4      | Gained mutation: You have a pair of small antennae on your
                  | head. [demonic ancestry]
  2405 | D:4      | Reached XP level 5. HP: 27/42 MP: 5/5
  2405 | D:4      | Gained mutation: You have a small tail. [demonic ancestry]
  2405 | D:4      | Reached XP level 6. HP: 31/48 MP: 6/6
  2520 | D:4      | Reached skill level 4 in Fighting
  2759 | D:4      | Found a staircase to the Ecumenical Temple.
  2768 | Temple   | Entered the Ecumenical Temple
  2780 | Temple   | Became a worshipper of Gozag Ym Sagoz the Greedy
  3193 | D:5      | Noticed an ice beast
  3205 | D:5      | Killed an ice beast
  3206 | D:5      | Reached XP level 7. HP: 46/55 MP: 7/7
  3340 | D:5      | Noticed Dowan
  3351 | D:5      | Noticed Duvessa
  3373 | D:5      | Killed Duvessa
  3391 | D:5      | Killed Dowan
  3915 | D:5      | Gained mutation: You have a pair of antennae on your head.
                  | [demonic ancestry]
  3915 | D:5      | Reached XP level 8. HP: 59/61 MP: 8/8
  4538 | D:6      | Reached skill level 5 in Fighting
  4700 | D:6      | Found a runed translucent door.
  4704 | D:6      | Noticed mathmaestro's ghost (novice TrMo)
  4747 | D:6      | Found a runed translucent door.
  5616 | D:3      | Bought a +3 scale mail of fire resistance for 312 gold
                  | pieces
  6745 | D:3      | Bought 4 atropa-tipped darts for 26 gold pieces
  6850 | D:5      | Killed siradein's ghost
  6853 | D:5      | Gained mutation: You sometimes gain a little power by
                  | taking damage. [demonic ancestry]
  6853 | D:5      | Reached XP level 9. HP: 39/69 MP: 9/9
  7562 | D:7      | Reached skill level 5 in Dodging
  7699 | D:7      | Reached skill level 6 in Fighting
  8116 | D:8      | Found a sand-covered staircase.
  8121 | Ossuary  | Entered an ossuary
  8439 | D:8      | Noticed a troll
  8457 | D:8      | Killed a troll
  8458 | D:8      | Reached skill level 5 in Evocations
  8475 | D:8      | Reached skill level 5 in Armour
  8484 | D:8      | Reached skill level 5 in Long Blades
  8490 | D:8      | Reached skill level 5 in Throwing
  8839 | D:8      | Found a staircase to the Lair.
  8852 | D:8      | Reached XP level 10. HP: 56/77 MP: 10/10
  9781 | D:3      | Bought the +12 hand crossbow "Hydrabane" {vorpal, rCorr}
                  | for 855 gold pieces
  9995 | D:9      | Identified the +7 short sword of Ehomn {spect, *Noise rPois
                  | rC+ rCorr}
 10077 | D:8      | Found a staircase to the Lair.
 11227 | D:6      | Found a runed translucent door.
 11482 | D:6      | Found a runed translucent door.
 11791 | D:6      | Killed mathmaestro's ghost
 11792 | D:6      | Reached skill level 1 in Crossbows
 11941 | D:6      | Reached skill level 7 in Fighting
 11983 | D:6      | Found a runed translucent door.
 12558 | D:8      | Found a staircase to the Lair.
 13296 | D:9      | Found a staircase to the Orcish Mines.
 13763 | D:10     | Entered Level 10 of the Dungeon
 14573 | D:10     | Gained mutation: You regenerate health from kills. [demonic
                  | ancestry]
 14573 | D:10     | Reached XP level 11. HP: 74/85 MP: 11/11
 14574 | D:10     | Noticed a two-headed ogre
 14598 | D:10     | Killed a two-headed ogre
 14859 | D:10     | Found a hide-covered altar of Uskayaw.
 15111 | Lair:1   | Entered Level 1 of the Lair of Beasts
 15365 | Lair:1   | Reached skill level 8 in Fighting
 15587 | Lair:1   | Noticed a seven-headed hydra
 15592 | Lair:1   | Killed a seven-headed hydra
 15814 | Lair:1   | Mangled by a komodo dragon

Illustrated notes

Levels and vault maps discovered:
D:1:      giann_horns, layout_rooms, minmay_ruptured
D:2:      layout_loops_ring, serial_shops, nicolae_square_shop
D:3:      layout_loops_ring, serial_shops, nicolae_shop_behind_doors, shop,
          nicolae_shop_competitors_out_of_business, nicolae_shop_hallway_plus,
          grunt_decor_fettered
D:4:      layout_basic, minmay_temple_entry_sparse_star, uniq_grinder
D:5:      layout_cave_pods, gammafunk_ghost_necromancy,
          minmay_misc_feat_more_columns, item_on_display_a, uniq_duvessa
D:6:      layout_basic, ebering_ghost_sewer_f
D:7:      layout_basic, kennysheep_windowed_goal
D:8:      layout_loops_cross, erik_lair_island, enter_ossuary_2
D:9:      layout_loops_ring, erik_orc_4, minmay_misc_feat_cross
D:10:     layout_loops_ring, mainiacjoe_overflow_alcove_4, serial_ice,
          serial_ice_m, serial_ice_j, serial_ice_h, serial_ice_e,
          kennysheep_generic_room_4
Temple:   regret_index_temple_sigil_plot
Lair:1:   cheibrodos_lair_river_kwai, layout_misc_corridors, basic_altar

Skill      XL: |  1  2  3  4  5  6  7  8  9 10 11 |
---------------+----------------------------------+-----
Dodging        | 2 3 4 5 6 7 |  7.4
Long Blades    | 1 2 3 4 5 6 7 |  7.1
Armour         | 1 2 3 4 5 6 7 |  7.1
Throwing       | 1 2 4 5 |  5.2
Evocations     | 1 2 3 4 5 6 7 |  7.6
Fighting       | 4 5 6 7 8 |  8.5
Crossbows      | 2 4 |  4.3
Short Blades   | |  1.7
Stealth        | |  4.5

Action                   |  1- 3 |  4- 6 |  7- 9 | 10-12 || total
-------------------------+-------+-------+-------+-------++-------
Melee: Short sword       |    28 |       |       |   106 ||   134
       Quarterstaff      |    46 |    38 |    72 |       ||   156
       Kick              |     5 |    14 |    78 |    47 ||   144
       Tailslap          |       |     1 |    26 |    29 ||    56
       Great sword       |       |       |   175 |    43 ||   218
 Fire: Hand crossbow     |       |       |       |   168 ||   168
Throw: Dart              |       |    15 |    39 |    10 ||    64
       Boomerang         |       |       |    17 |     2 ||    19
Evoke: Wand              |       |       |     9 |     1 ||    10
  Use: Potion            |       |       |     2 |       ||     2
       Scroll            |       |       |     1 |       ||     1
 Stab: Sleeping          |    11 |     5 |     5 |     1 ||    22
       Distracted        |       |       |     2 |     4 ||     6
Armor: Leather armour    |     7 |     3 |     8 |       ||    18
       Scale mail        |       |       |    92 |    83 ||   175
Dodge: Dodged            |    41 |    17 |   148 |   114 ||   320

Table legend: (Time is in decaauts)
 A = Elapsed time spent in this place.
 B = Non-inter-level travel time spent in this place.
 C = Inter-level travel time spent in this place.
 D = Time resting spent in this place.
 E = Time spent auto-exploring this place.
 F = Levels seen in this place.
 G = Mean time per level.
                   A        B        C        D        E       F      G
               +--------+--------+--------+--------+--------+-----+--------+
         Total |  15994 |  14650 |   1344 |    704 |  11329 |  13 | 1230.3 |
       Dungeon |  15223 |  13890 |   1333 |    704 |  10864 |  10 | 1522.3 |
        Temple |     22 |     12 |     10 |      0 |      4 |   1 |   22.0 |
          Lair |    498 |    498 |      0 |      0 |    311 |   1 |  498.0 |
       Ossuary |    249 |    249 |      0 |      0 |    150 |   1 |  249.0 |
               +--------+--------+--------+--------+--------+-----+--------+

Top non-repeatable levels by time:
     D:6: 3180 daAuts
     D:5: 2321 daAuts
     D:8: 2303 daAuts
     D:7: 2179 daAuts
     D:4: 1213 daAuts
     D:9: 1139 daAuts
    D:10: 1066 daAuts
     D:3: 762 daAuts
     D:2: 636 daAuts
  Lair:1: 498 daAuts
     D:1: 421 daAuts
 Ossuary: 249 daAuts
  Temple: 22 daAuts
